 Dungeon Crawl Stone Soup version 0.29-a0-617-g7a6b98fccd (webtiles) character file.

Game seed: 11090687338040216898

5314 snetch the Protected (level 10, -1/90 HPs)
             Began as a Minotaur Berserker on June 13, 2022.
             Was a High Priest of Trog.
             Slain by Gastronok (26 damage)
             ... on level 10 of the Dungeon on June 17, 2022.
             The game lasted 00:31:05 (10929 turns).

snetch the Protected (Minotaur Berserker)          Turns: 10929, Time: 00:31:05

Health: -1/90      AC: 21    Str: 26    XL:     10   Next: 37%
Magic:  0/9        EV:  7    Int:  4    God:    Trog [*****.]
Gold:   468        SH:  9    Dex: 10    Spells: 9/9 levels left

rFire   . . .      SeeInvis +   a - +2 hand axe (vorpal)
rCold   . . .      Faith    .   n - +2 kite shield
rNeg    . . .      Spirit   +   k - +0 plate armour
rPois   .          Reflect  .   (helmet restricted)
rElec   .          Harm     .   (no cloak)
rCorr   .          Rampage  .   A - +0 pair of gloves
Will    ++...                   y - +0 pair of boots
Stlth   ..........              E - amulet of guardian spirit
HPRegen 1.25/turn               K - ring of see invisible
MPRegen 0.11/turn               R - +4 ring of protection

@: strong-willed, regenerating
A: horns 2, retaliatory headbutt
a: Renounce Religion, Berserk, Trog's Hand, Brothers in Arms


You were on level 10 of the Dungeon.
You worshipped Trog.
Trog was extremely pleased with you.
You visited 2 branches of the dungeon, and saw 11 of its levels.
You also visited: Sewer.

You collected 468 gold pieces.

Inventory:

Hand Weapons
 a - a +2 vorpal hand axe (weapon)
 b - a +1 vorpal trident
 c - a +4 dire flail of holy wrath
 F - a +0 bardiche
 H - a +0 battleaxe
 Q - a +2 spectral quarterstaff
Missiles
 f - 185 stones
 u - 11 boomerangs (quivered)
 B - a curare-tipped dart
 C - 48 poisoned darts
 G - 4 datura-tipped darts
Armour
 k - a +0 plate armour (worn)
 n - a +2 kite shield (worn)
 y - a +0 pair of boots (worn)
 A - a +0 pair of gloves (worn)
Jewellery
 E - an amulet of guardian spirit (around neck)
 K - a ring of see invisible (left hand)
 R - a +4 ring of protection (right hand)
Wands
 o - a wand of charming (2)
 J - a wand of iceblast (9)
 M - a wand of polymorph (12)
Scrolls
 e - a scroll of acquirement {unknown}
 g - 7 scrolls of identify {unknown}
 h - a scroll of brand weapon {unknown}
 i - 7 scrolls of teleportation {unknown}
 j - 2 scrolls of enchant armour {unknown}
 l - a scroll of vulnerability {unknown}
 r - a scroll of immolation {unknown}
 t - 2 scrolls of enchant weapon {unknown}
 v - a scroll of fog {unknown}
 x - a scroll of amnesia {unknown}
 D - 2 scrolls of fear {unknown}
 I - 3 scrolls of noise {unknown}
 N - a scroll of poison {unknown}
Potions
 d - a potion of experience {unknown}
 m - 6 potions of curing {unknown}
 p - 5 potions of mutation {unknown}
 q - a potion of attraction {unknown}
 s - 2 potions of cancellation {unknown}
 w - 2 potions of lignification {unknown}
 z - a potion of degeneration {unknown}
 L - 2 potions of invisibility {unknown}
 O - a potion of ambrosia {unknown}
 P - a potion of berserk rage {unknown}
 S - 2 potions of might {unknown}
 T - 5 potions of heal wounds {unknown}


   Skills:
 + Level 8.5 Fighting
 + Level 8.6(10.6) Axes
 + Level 9.8(11.2) Maces & Flails
 + Level 0.8 Throwing
 + Level 10.2 Armour
 + Level 3.7 Dodging
 + Level 1.6 Stealth
 + Level 2.1 Shields


You had 9 spell levels left.
You didn't know any spells.
Your spell library contained the following spells:

 Spells                   Type           Power      Damage    Failure   Level
 Slow                     Hex            0%         N/A       100%        1
 Sublimation of Blood     Necr           0%         N/A       100%        2
 Confusing Touch          Hex            0%         N/A       100%        3
 Vampiric Draining        Necr           0%         2d6       100%        3
 Petrify                  Tmut/Erth      0%         N/A       100%        4
 Irradiate                Conj/Tmut      0%         3d13      100%        5
 Yara's Violent Unravell  Hex/Tmut       0%         3d3       100%        5
 Enfeeble                 Hex            0%         N/A       100%        7


Dungeon Overview and Level Annotations

Branches:
Dungeon (10/15)            Temple (1/1) D:5           Sewer (visited)
   Lair: D:8-11         Orc: D:9-12

Altars:
Ashenzari
Cheibriados
Dithmenos
Elyvilon
Fedhas
Gozag
Hepliaklqana
Nemelex Xobeh
Okawaru
Qazlal
Ru
Sif Muna
Trog
Uskayaw
Vehumet
Wu Jian
Xom
Yredelemnul
Zin
The Shining One

Annotations:
D:10 Gastronok


Innate Abilities, Weirdness & Mutations

You have a pair of horns on your head.
You reflexively headbutt those who attack you in melee.


Message History

Gastronok is lightly wounded.
Your skin crawls.
You feel strong-willed. Gastronok bites you!!
You hit Gastronok. You headbutt Gastronok!
Gastronok is moderately wounded.
You slash Gastronok! You headbutt Gastronok!
Gastronok is heavily wounded.
You slash Gastronok! You headbutt Gastronok!
Gastronok is heavily wounded.
Gastronok bites you but does no damage.
You hit Gastronok but do no damage.
You headbutt Gastronok, but do no damage.
Gastronok is heavily wounded.
You slash Gastronok!
Gastronok is severely wounded.
Gastronok waves his eye-stalks in wide circles.
The air twists around and strikes you!
You slash Gastronok!
Gastronok is severely wounded.
You hit Gastronok.
Gastronok is severely wounded.
Gastronok bites you!
You hit Gastronok.
Gastronok is severely wounded.
You slash Gastronok! You headbutt Gastronok!
Gastronok is almost dead.
Gastronok bites you!
* * * LOW HITPOINT WARNING * * *
You hit Gastronok but do no damage.
Gastronok is almost dead.
You slash Gastronok! You headbutt Gastronok.
Gastronok is almost dead.
You block Gastronok's attack.
You hit Gastronok. You headbutt Gastronok.
Gastronok is almost dead.
You hit Gastronok. You headbutt Gastronok.
Gastronok is almost dead.
Gastronok bites you!!
You die...

#... #.......#..
.......#... #.......#..
.......#.... #.......#..
.......'.... #.......###
.......#.....#..........
.....#.....#..........
...##....'..........
#.w# #..........
#.@######..........
#..................
#..........#####...
#..###.....# #... #_._.
#P##### #... #P......##
##+# #...⌠... .
..#.P.P.# . ..###+## #


You could see Gastronok (swift).

Vanquished Creatures
  The ghost of SuperHamster the Conjurer, a novice OpCj (D:4)
  2 trolls (D:9)
  5 yaks (D:8)
  2 wyverns
  Edmund (D:4)
  2 water moccasins
  Pargi (Sewer)
  3 ice beasts
  4 orc warriors
  3 ogres
  A centaur (D:10)
  3 kobold brigands
  A gnoll sergeant (D:8)
  6 scorpions
  9 killer bees (D:8)
  5 howler monkeys
  5 hounds
  7 orc priests
  7 orc wizards
  Natasha (thrice) (D:2)
  4 iguanas
  8 gnolls
  10 adders
  3 shadow imps
  A white imp (D:8)
  2 ufetubi (D:8)
  2 worms
  A dart slug (D:1)
  35 orcs
  11 endoplasms
  2 giant cockroaches
  8 goblins
  8 hobgoblins
  4 quokkas
  7 ball pythons
  6 bats
  2 frilled lizards
  27 kobolds
  4 rats
216 creatures vanquished.

Vanquished Creatures (others)
  3 demonic plants (D:8)
  5 fungi
  A plant (D:1)
  3 toadstools (D:2)
12 creatures vanquished.

Grand Total: 228 creatures vanquished

Notes
Turn   | Place    | Note
-------+----------+-------------------------------------------
     0 | D:1      | snetch the Minotaur Berserker began the quest for the Orb.
     0 | D:1      | Reached XP level 1. HP: 19/19 MP: 0/0
   123 | D:1      | Reached XP level 2. HP: 13/27 MP: 1/1
   487 | D:1      | Found a faded altar of an unknown god.
  1059 | D:2      | Reached XP level 3. HP: 33/33 MP: 2/2
  1267 | D:2      | Reached ** piety under Trog
  1408 | D:3      | Reached skill level 1 in Maces & Flails
  1408 | D:3      | Reached XP level 4. HP: 15/40 MP: 3/3
  1410 | D:3      | HP: 1/40 [frozen (4)]
  1415 | D:3      | HP: 1/60 [poisoned by a goblin]
  1996 | D:2      | Noticed Natasha
  2002 | D:2      | Killed Natasha
  2003 | D:2      | Reached skill level 3 in Armour
  2144 | D:2      | Noticed Natasha
  2150 | D:2      | Killed Natasha
  2159 | D:2      | Noticed Natasha
  2166 | D:2      | Killed Natasha
  2167 | D:2      | Reached XP level 5. HP: 47/47 MP: 4/4
  2255 | D:4      | Found a glowing drain.
  2269 | Sewer    | Entered a sewer
  2658 | Sewer    | Noticed Pargi
  2669 | Sewer    | Killed Pargi
  2670 | Sewer    | Reached skill level 1 in Stealth
  2670 | Sewer    | Reached XP level 6. HP: 38/55 MP: 5/5
  3171 | D:4      | Noticed Edmund
  3180 | D:4      | Killed Edmund
  3181 | D:4      | Reached skill level 5 in Fighting
  3181 | D:4      | Reached skill level 4 in Armour
  3467 | D:3      | Upgraded the game from 0.29-a0-577-gafbf2c5d25 to
                  | 0.29-a0-617-g7a6b98fccd
  3612 | D:4      | Found a runed translucent gate.
  3612 | D:4      | Found a runed translucent gate.
  3612 | D:4      | Found a runed translucent gate.
  3614 | D:4      | Noticed SuperHamster's ghost (novice OpCj)
  3742 | D:5      | Entered Level 5 of the Dungeon
  3748 | D:5      | Reached skill level 5 in Maces & Flails
  3748 | D:5      | Reached XP level 7. HP: 55/61 MP: 6/6
  4313 | D:4      | Reached skill level 5 in Armour
  4656 | D:5      | Reached *** piety under Trog
  4813 | D:5      | Reached XP level 8. HP: 63/70 MP: 7/7
  4897 | D:5      | Reached skill level 5 in Axes
  5069 | D:5      | Reached skill level 6 in Armour
  5263 | D:5      | Found a staircase to the Ecumenical Temple.
  5272 | Temple   | Entered the Ecumenical Temple
  5660 | D:7      | Reached skill level 7 in Armour
  5752 | D:6      | Reached **** piety under Trog
  6612 | D:6      | Reached XP level 9. HP: 78/79 MP: 8/8
  7057 | D:6      | Found an ornate altar of the Wu Jian Council.
  7067 | D:6      | Found a glowing silver altar of Zin.
  7427 | D:4      | Killed SuperHamster's ghost
  7841 | D:8      | Reached skill level 8 in Armour
  9031 | D:8      | Reached skill level 9 in Armour
  9052 | D:8      | Reached XP level 10. HP: 69/88 MP: 6/9
  9610 | D:10     | Entered Level 10 of the Dungeon
  9796 | D:9      | Reached ***** piety under Trog
  9904 | D:9      | Reached skill level 1 in Shields
 10741 | D:10     | Reached skill level 10 in Armour
 10903 | D:10     | Noticed Gastronok
 10906 | D:10     | Found a hide-covered altar of Uskayaw.
 10908 | D:10     | Found a snail-covered altar of Cheibriados.
 10929 | D:10     | Slain by Gastronok

Illustrated notes

Levels and vault maps discovered:
D:1:      dpeg_arrival_simpleton_c, layout_basic,
          shapermc_ecumenical_altar_ellora
D:2:      layout_loops_ring, minmay_gold_behind_fungi, grunt_ministairs_15,
          wad_floor_pattern_2, st_stairs_4, uniq_natasha
D:3:      layout_rooms
D:4:      layout_gridville, gammafunk_ghost_split, gup_sewer_entry_glass,
          uniq_edmund
D:5:      layout_basic, temple_green, minmay_misc_feat_rugged,
          chequers_serial_rivers_micro_d
D:6:      layout_layer_cave, amethyst_overflow_temple_binary
D:7:      layout_basic, chequers_serial_rivers_small_3
D:8:      layout_gridville, serial_demonic, serial_demonic_g, serial_demonic_c,
          serial_demonic_b, serial_demonic_g, serial_demonic_g, serial_demonic_d
D:9:      layout_gridville
D:10:     layout_irregular_city, lemuel_mausoleum_altar_kikubaaqudgha,
          gammafunk_temple_overflow_forgotten, dpeg_lair_monsters,
          uniq_gastronok, uniq_josephine
Temple:   nicolae_temple_x_marks_the_god

Skill      XL: |  1  2  3  4  5  6  7  8  9 10 |
---------------+-------------------------------+-----
Axes           | 4 5 8 |  8.6
Fighting       | 4 5 7 8 |  8.5
Maces & Flails | 1 2 3 5 7 8 9 |  9.8
Armour         | 3 4 5 7 9 10 | 10.2
Dodging        | 3 |  3.7
Stealth        | 1 |  1.6
Shields        | 2 |  2.1
Throwing       | |  0.8

Action                   |  1- 3 |  4- 6 |  7- 9 | 10-12 || total
-------------------------+-------+-------+-------+-------++-------
Melee: Hand axe          |    29 |       |   124 |   126 ||   279
       Headbutt          |     7 |    12 |    37 |    26 ||    82
       Morningstar       |    31 |    94 |       |       ||   125
       Dire flail        |       |     7 |   155 |     3 ||   165
       Punch             |       |       |     3 |       ||     3
Throw: Stone             |       |     1 |       |       ||     1
       Boomerang         |       |       |     3 |       ||     3
Invok: Berserk           |       |     2 |     2 |       ||     4
       Trog's Hand       |       |     1 |       |     2 ||     3
Armor: Animal skin       |     1 |       |       |       ||     1
       Ring mail         |    18 |    26 |       |       ||    44
       Leather armour    |     3 |       |       |       ||     3
       Chain mail        |       |    31 |       |       ||    31
       Plate armour      |       |     1 |   184 |    78 ||   263
Dodge: Dodged            |    48 |    71 |   136 |    25 ||   280
Block: Kite shield       |       |       |       |    56 ||    56

Table legend: (Time is in decaauts)
 A = Elapsed time spent in this place.
 B = Non-inter-level travel time spent in this place.
 C = Inter-level travel time spent in this place.
 D = Time resting spent in this place.
 E = Time spent auto-exploring this place.
 F = Levels seen in this place.
 G = Mean time per level.
                   A        B        C        D        E       F      G
               +--------+--------+--------+--------+--------+-----+--------+
         Total |  11002 |  10195 |    807 |     29 |   7578 |  12 |  916.8 |
       Dungeon |  10429 |   9625 |    804 |     29 |   7143 |  10 | 1042.9 |
        Temple |     60 |     57 |      3 |      0 |     37 |   1 |   60.0 |
         Sewer |    512 |    512 |      0 |      0 |    398 |   1 |  512.0 |
               +--------+--------+--------+--------+--------+-----+--------+

Top non-repeatable levels by time:
     D:6: 1789 daAuts
     D:4: 1548 daAuts
     D:9: 1317 daAuts
     D:8: 1194 daAuts
     D:2: 1180 daAuts
     D:1: 999 daAuts
     D:5: 882 daAuts
     D:7: 666 daAuts
     D:3: 576 daAuts
   Sewer: 512 daAuts
    D:10: 273 daAuts
  Temple: 60 daAuts
